 Dungeon Crawl Stone Soup version 0.31-a0-200-gbc41564c69 (webtiles) character file.

Game seed: 3281731306993940054

297 qw the Skirmisher (level 6, 0/35 HPs)
             Began as a Deep Elf Hunter on June 25, 2023.
             Slain by a gnoll
             ... wielding a +0 spear
             ... led by a gnoll bouda
              (4 damage)
             ... on level 4 of the Dungeon.
             The game lasted 00:01:11 (2710 turns).

qw the Skirmisher (Deep Elf Hunter)                 Turns: 2710, Time: 00:01:11

Health: 0/35       AC:  6    Str: 10    XL:     6   Next: 12%
Magic:  8/8        EV: 11    Int: 14    God:
Gold:   177        SH:  5    Dex: 18    Spells: 5/5 levels left

rFire   . . .        Y - +0 arbalest
rCold   . . .        (shield currently unavailable)
rNeg    . . .        o - +0 ring mail
rPois   .            (no helmet)
rElec   .            f - +0 cloak
rCorr   .            (no gloves)
SInv    .            (no boots)
Will    .....        p - amulet of reflection
Stlth   +            (no ring)
HPRegen 0.25/turn    (no ring)
MPRegen 0.11/turn

%: reflection, clarity
@: no status effects
A: talons 1, clarity, high MP 1
a: no special abilities


You were on level 4 of the Dungeon.
You visited 1 branch of the dungeon, and saw 4 of its levels.
You also visited: Sewer.

You collected 237 gold pieces.
You spent 60 gold pieces at shops.


Innate Abilities, Weirdness & Mutations

You have sharp toenails.
You possess an exceptional clarity of mind.
You have an increased reservoir of magic. (+10% MP)


   Skills:
 - Level 2.0 Fighting
 + Level 9.5 Ranged Weapons
 - Level 2.4 Dodging
 - Level 1.2 Stealth


You had 5 spell levels left.
You didn't know any spells.
Your spell library was empty.

Inventory:

Hand Weapons
 Y - a +0 arbalest (weapon)
Armour
 f - a +0 cloak (worn)
 o - a +0 ring mail (worn)
Jewellery
 p - an amulet of reflection (around neck)
Scrolls
 b - 2 scrolls of identify
Potions
 a - a potion of enlightenment
 c - a potion of invisibility {unknown}
 d - a potion of curing
 e - a potion of lignification {unknown}
 g - a potion of brilliance {unknown}
 h - a potion of attraction {unknown}
 i - a potion of resistance
 j - 3 potions of might
 k - 4 potions of heal wounds
 l - a potion of degeneration {unknown}
 m - a potion of haste
 n - a potion of experience {unknown}
 q - 2 potions of mutation

Dungeon Overview and Level Annotations

Branches:
Dungeon (4/15)              Sewer (visited)
 Temple: D:4-7

Altars:
Dithmenos
Nemelex Xobeh
Xom

Shops:
D:1 *


Message History

The gnoll closely misses you.
The gnoll hits you from afar with a +0 halberd.
You shoot a bolt. The bolt hits the gnoll!
You kill the gnoll!
You shoot a bolt. The bolt hits the gnoll.
The gnoll is moderately wounded.
The gnoll hits you but does no damage.
The gnoll hits you from afar with a +0 spear.
The goblin drinks a potion.
The goblin seems to grow stronger.
You shoot a bolt.
The bolt hits the goblin but does no damage.
The goblin hits you with a +0 club. The gnoll hits you but does no damage.
2706 ||| DRINKING 5 potions of heal wounds.
You feel much better.
A quokka comes into view.
You block the goblin's attack.
The gnoll hits you from afar with a +0 spear.
You shoot a bolt. The bolt barely misses the gnoll.
The goblin barely misses you. You block the gnoll's attack.
The gnoll barely misses you. The goblin closely misses you.
The gnoll hits you from afar with a +0 spear!
The gnoll hits you with a +0 flail.
You shoot a bolt. The bolt closely misses the gnoll. x2
The bolt barely misses the quokka.
The goblin barely misses you. The gnoll closely misses you.
The gnoll hits you from afar with a +0 spear.
You block the gnoll's attack. x2; The gnoll hits you but does no damage.
The goblin hits you but does no damage. The gnoll barely misses you.
You shoot a bolt. The bolt hits the gnoll!!
You kill the gnoll!
The goblin barely misses you. The gnoll closely misses you.
The gnoll barely misses you.
You shoot a bolt. The bolt hits the gnoll!
The gnoll is severely wounded.
You block the goblin's attack. The gnoll hits you with a +0 flail!
The gnoll closely misses you.
The quokka bites you but does no damage.
The goblin barely misses you.
The gnoll hits you from afar with a +0 spear.
You die...

####### #.....#
################@g...###
......(........)gr......
###############...g...##
#.......# #.......#
#.#####)# ..# .# ... .
...#


You could see 2 gnolls, a quokka and a goblin (strong).

Vanquished Creatures
  2 jellies (Sewer)
  A gnoll bouda (D:4)
  Jessica (D:3)
  5 gnolls (D:4)
  3 adders
  A river rat (Sewer)
  An ufetubus (D:3)
  3 worms
  3 dart slugs
  An orc (D:4)
  10 ball pythons
  16 endoplasms
  7 giant cockroaches
  6 goblins
  4 hobgoblins
  A quokka (D:3)
  3 bats
  5 frilled lizards
  6 kobolds
  5 rats
84 creatures vanquished.

Notes
Turn   | Place    | Note
-------+----------+-------------------------------------------
     0 | D:1      | qw the Deep Elf Hunter began the quest for the Orb.
     0 | D:1      | Reached XP level 1. HP: 12/12 MP: 3/3
     0 | D:1      | 0 ||| qw: Version: 0.3-a-22-g0ed2b0b
     0 | D:1      | 0 ||| qw: Game counter: 5551
     0 | D:1      | 0 ||| qw: Melee chars always use a shield: true
     0 | D:1      | 0 ||| qw: God list: Okawaru
     0 | D:1      | 0 ||| qw: Allow faded altars: false
     0 | D:1      | 0 ||| qw: Do Orc after clearing Dungeon:15 true
     0 | D:1      | 0 ||| qw: Do second Lair branch before Depths: true
     0 | D:1      | 0 ||| qw: Lair rune preference: random
     0 | D:1      | 0 ||| qw: Goals: Normal
     0 | D:1      | 0 ||| PLANNING D:1-11
   157 | D:1      | Reached skill level 6 in Ranged Weapons
   157 | D:1      | Reached XP level 2. HP: 13/16 MP: 4/4
   269 | D:1      | Found Siegylen's Assorted Antiques.
   277 | D:1      | 277 ||| BUYING fizzy purple potion (14 gold).
   277 | D:1      | Bought a fizzy purple potion for 14 gold pieces
   277 | D:1      | 277 ||| BUYING fuming coppery potion (14 gold).
   277 | D:1      | Bought a fuming coppery potion for 14 gold pieces
   277 | D:1      | 277 ||| SHOPLISTING ring mail (64 gold, have 32).
   277 | D:1      | 277 ||| BUYING scroll labelled SOPHOFYGUCI (16 gold).
   277 | D:1      | Bought a scroll labelled SOPHOFYGUCI for 16 gold pieces
   277 | D:1      | 277 ||| BUYING scroll labelled XARCHA VELO (16 gold).
   277 | D:1      | Bought a scroll labelled XARCHA VELO for 16 gold pieces
   277 | D:1      | 277 ||| SHOPLISTING thick diamond amulet (80 gold, have 0).
   400 | D:1      | 400 ||| UPGRADING to +0 cloak.
   405 | D:1      | 405 ||| READING scroll labelled RIEMAA NONUOH.
   406 | D:1      | 406 ||| READING scroll labelled SOPHOFYGUCI.
   407 | D:1      | 407 ||| READING scroll labelled XARCHA VELO.
   408 | D:1      | 408 ||| DRINKING 2 lumpy silvery potions.
   409 | D:1      | 409 ||| DROPPING scroll of butterflies.
   498 | D:2      | Found a faded altar of an unknown god.
   510 | D:2      | 510 ||| Stepping ~*~*~tactically~*~*~ (outnumbered).
   518 | D:2      | Reached XP level 3. HP: 15/20 MP: 5/5
   600 | D:2      | 600 ||| SWAPPING to +0 arbalest.
   601 | D:2      | 601 ||| DROPPING +0 shortbow.
  1048 | D:2      | Reached skill level 7 in Ranged Weapons
  1312 | D:2      | 1312 ||| READING scroll labelled CUNKAU JUYPH.
  1313 | D:2      | 1313 ||| READING scroll labelled EZAMAGUIRGH.
  1314 | D:2      | 1314 ||| READING 3 scrolls labelled YDDIUM FIKA.
  1315 | D:2      | 1315 ||| DRINKING 2 viscous clear potions.
  1316 | D:2      | 1316 ||| DROPPING 2 scrolls of fear.
  1336 | D:3      | 1336 ||| PLANNING SEWER
  1533 | D:3      | Identified the +0 plate armour of the Irksome Jabberwock
                  | {rF++}
  1558 | D:3      | Noticed Jessica
  1563 | D:3      | Killed Jessica
  1564 | D:3      | Reached XP level 4. HP: 21/25 MP: 6/6
  1645 | D:3      | Found a shadowy altar of Dithmenos.
  1733 | D:3      | Found a glowing drain.
  1734 | D:3      | 1734 ||| UPGRADING to +0 ring mail.
  1744 | D:3      | 1744 ||| DROPPING +0 leather armour.
  1745 | D:3      | 1745 ||| UPGRADING to amulet of reflection.
  1750 | D:3      | 1750 ||| READING scroll labelled JUAXIESUENK.
  1751 | D:3      | 1751 ||| READING scroll labelled SOTWINAZXU.
  1752 | D:3      | 1752 ||| DRINKING 3 bubbling white potions.
  1752 | D:3      | Gained mutation: You possess an exceptional clarity of
                  | mind. [potion of mutation]
  1752 | D:3      | Gained mutation: You have an increased reservoir of magic.
                  | (+10% MP) [potion of mutation]
  1752 | D:3      | Gained mutation: You have sharp toenails. [potion of
                  | mutation]
  1753 | D:3      | 1753 ||| Stepping randomly (stuck).
  1754 | D:3      | 1754 ||| Stepping ~*~*~tactically~*~*~ (cloud).
  1760 | D:3      | HP: 6/25 [poisoned by you (poison gas)]
  1849 | Sewer    | Entered a sewer
  1877 | Sewer    | Reached skill level 8 in Ranged Weapons
  1928 | Sewer    | 1928 ||| Stepping ~*~*~tactically~*~*~ (water).
  1946 | Sewer    | 1946 ||| Stepping ~*~*~tactically~*~*~ (water).
  1976 | Sewer    | 1976 ||| Stepping ~*~*~tactically~*~*~ (water).
  1983 | Sewer    | 1983 ||| Stepping ~*~*~tactically~*~*~ (water).
  1985 | Sewer    | 1985 ||| Stepping ~*~*~tactically~*~*~ (water).
  2006 | Sewer    | Found a viscous altar of Jiyva.
  2009 | Sewer    | 2009 ||| Stepping ~*~*~tactically~*~*~ (water).
  2011 | Sewer    | 2011 ||| Stepping ~*~*~tactically~*~*~ (water).
  2043 | Sewer    | 2043 ||| Stepping ~*~*~tactically~*~*~ (water).
  2045 | Sewer    | 2045 ||| Stepping ~*~*~tactically~*~*~ (water).
  2047 | Sewer    | 2047 ||| Stepping ~*~*~tactically~*~*~ (water).
  2052 | Sewer    | Reached XP level 5. HP: 29/29 MP: 7/7
  2073 | Sewer    | Reached skill level 9 in Ranged Weapons
  2079 | Sewer    | 2079 ||| DRINKING 2 fuming coppery potions.
  2080 | Sewer    | 2080 ||| DRINKING 2 pink potions.
  2081 | Sewer    | 2081 ||| READING 2 scrolls of identify.
  2081 | Sewer    | 2081 ||| IDENTIFYING metallic grey potion
  2101 | D:3      | 2101 ||| PLANNING D:1-11
  2388 | D:3      | 2388 ||| DRINKING 3 fizzy blue potions.
  2512 | D:4      | Found a shimmering altar of Xom.
  2512 | D:4      | Found a sparkling altar of Nemelex Xobeh.
  2700 | D:4      | Reached XP level 6. HP: 24/35 MP: 8/8
  2705 | D:4      | HP: 8/35 [goblin/+0 club (1)]
  2706 | D:4      | 2706 ||| DRINKING 5 potions of heal wounds.
  2710 | D:4      | HP: 4/35 [gnoll/+0 flail[a gnoll bouda] (10)]
  2710 | D:4      | Slain by a gnoll

Levels and vault maps discovered:
D:1:      erik_arrival_triangle_large, layout_rooms, serial_shops, shop
D:2:      layout_basic, shapermc_ecumenical_altar_acropolis
D:3:      layout_loops_ring, mainiacjoe_overflow_alcove_4, portal_sewer_entry_d,
          kennysheep_jessica_study
D:4:      kennysheep_the_goblin_king, layout_basic,
          gammafunk_temple_overflow_wave, kennysheep_generic_room_11

Skill      XL: |  1  2  3  4  5 |
---------------+----------------+-----
Ranged Weapons | 6 7 8 9 |  9.5
Fighting       | 2 |  2.0
Dodging        | |  2.4
Stealth        | |  1.2

Action                     |  1- 3 |  4- 6 || total
---------------------------+-------+-------++-------
   Fire: Shortbow          |    63 |       ||    63
         Arbalest          |    41 |   140 ||   181
    Use: Scroll            |     6 |     3 ||     9
         Potion            |     2 |     5 ||     7
 Armour: Leather armour    |    14 |     2 ||    16
         Ring mail         |       |    28 ||    28
  Dodge: Dodged            |    22 |    44 ||    66
  Block: Other             |       |    22 ||    22

Table legend:
 A = Non-vault XP
 B = Vault XP
 C = Vault XP percentage of total XP
 D = Non-vault monster count
 E = Vault monster count
 F = Vault count percentage of total count
                 A         B        C        D         E       F
            +---------+---------+-------+---------+---------+-------
      Total |     234 |     191 |  44.9 |      56 |      28 |  33.3
            +---------+---------+-------+---------+---------+-------
        D:1 |      27 |       0 |   0.0 |      14 |       0 |   0.0
        D:2 |      41 |       0 |   0.0 |      17 |       0 |   0.0
        D:3 |      31 |      52 |  62.7 |      12 |       3 |  20.0
        D:4 |     135 |       0 |   0.0 |      13 |       0 |   0.0
      Sewer |       0 |     139 | 100.0 |       0 |      25 | 100.0
            +---------+---------+-------+---------+---------+-------
